 Dungeon Crawl Stone Soup version 0.20.0-8-g6b59dc7 (webtiles) character file.

149 Chiseanne the Magician (level 5, 33/35 HPs)
             Began as a Demonspawn Wizard on June 2, 2017.
             Quit the game on level 1 of the Dungeon.
             The game lasted 00:05:48 (3465 turns).

Chiseanne the Magician (Demonspawn Wizard)          Turns: 3465, Time: 00:05:49

Health: 33/35      AC:  5    Str:  7    XL:     5   Next: 9%
Magic:  2/11       EV: 12    Int: 20    God:
Gold:   137        SH:  0    Dex: 12    Spells: 3/12 levels left

rFire    . . .     SeeInvis .   a - +1 short sword
rCold    . . .     Gourm    .   (no shield)
rNeg     + . .     Faith    .   i - +0 robe
rPois    .         Spirit   .   b - +1 hat
rElec    .         Reflect  .   (no cloak)
rCorr    .         Harm     .   (no gloves)
MR       .....                  (no boots)
Stlth    ++........             (no amulet)
Regen    0.2/turn               n - ring of positive energy
MPRegen  0.2/turn               (no ring)

@: no status effects
A: antennae 1, yellow scales 1
a: no special abilities


You were on level 1 of the Dungeon.
You were very hungry.

You visited 1 branch of the dungeon, and saw 2 of its levels.

You collected 137 gold pieces.

Inventory:

Hand Weapons
 a - a +1 short sword (weapon)
Missiles
 c - 15 bolts
 f - 48 stones (quivered)
Armour
 b - a +1 hat (worn)
 i - a +0 robe (worn)
Jewellery
 n - a ring of positive energy (left hand)
Scrolls
 g - a scroll of remove curse
 l - 3 scrolls of identify
Potions
 h - 2 potions of agility
 o - a potion of lignification
Comestibles
 d - a bread ration
 j - a royal jelly
 k - 2 meat rations


   Skills:
 - Level 1.7 Dodging
 - Level 1.7 Stealth
 * Level 4.4 Spellcasting
 * Level 3.4 Conjurations
   Level 1.0 Summonings
 - Level 0.8 Translocations


You had 3 spell levels left.
You knew the following spells:

 Your Spells              Type           Power        Failure   Level  Hunger
a - Magic Dart            Conj           ###.         3%          1    None
b - Blink                 Tloc           N/A          13%         2    #......
c - Conjure Flame         Conj/Fire      ##......     19%         3    ###....
d - Mephitic Cloud        Conj/Pois/Air  #.......     22%         3    ###....


Dungeon Overview and Level Annotations

Branches:
Dungeon (2/15)

Altars:


Innate Abilities, Weirdness & Mutations

You have a pair of small antennae on your head.
You are partially covered in yellow scales. (AC +2)


Message History

Terence is engulfed in noxious fumes.
Terence appears confused.
Casting: Mephitic Cloud
Confirm with . or Enter, or press ? or * to list all spells.
You don't have enough magic to cast that spell.
Casting: Mephitic Cloud
Confirm with . or Enter, or press ? or * to list all spells.
You don't have enough magic to cast that spell.
Your magical contamination has completely faded away.
Terence grins madly.
You hit Terence.
Terence is severely wounded.
You hit Terence but do no damage.
Terence is severely wounded.
Terence barely misses you.
You puncture Terence!
You kill Terence!
You have reached level 5!
Your demonic ancestry asserts itself...
A pair of antennae grows on your head!
Are you sure you want to abandon this character and quit the game? (Confirm with "yes".)

#########.#..#####............
#....# #.##..# #...#........
#....# #.###.## #............
#....# #.# #..# #............
#....####.# ##.###....#.##.##.
#....#....# #.#..............
#....#....# #.###..#.#...)... #
#.........####.###..#......#.. ##
#...........)@......###....#..
.###......########.##............
...........# #..#............
...###....## ##.#........###.
...# #....# #.#............ #..#
#....# #......###.###. ♣#.#
###### ##.........[... ##.# ###
#...#..#.#.##. .#.##########.#
#...#.........


There were no monsters in sight!

Vanquished Creatures
  Terence (D:1)
  A gnoll (D:1)
  4 adders (D:2)
  An ooze (D:1)
  3 worms (D:2)
  4 dart slugs (D:1)
  A leopard gecko (D:2)
  2 giant cockroaches
  3 goblins
  9 hobgoblins
  2 jackals (D:2)
  8 kobolds
  A quokka (D:2)
  6 bats
  8 frilled lizards
  10 rats
64 creatures vanquished.

Notes
Turn   | Place    | Note
-------+----------+-------------------------------------------
     0 | D:1      | Chiseanne the Demonspawn Wizard began the quest for the Orb.
     0 | D:1      | Reached XP level 1. HP: 13/13 MP: 4/4
   467 | D:1      | Gained mutation: You are partially covered in yellow scales. (AC +2) [demonic ancestry]
   467 | D:1      | Reached XP level 2. HP: 5/19 MP: 0/6
  1198 | D:1      | Reached XP level 3. HP: 24/24 MP: 1/8
  1981 | D:2      | Reached skill level 4 in Spellcasting
  2044 | D:2      | Learned a level 2 spell: Blink
  2048 | D:2      | Learned a level 3 spell: Conjure Flame
  2052 | D:2      | Learned a level 3 spell: Mephitic Cloud
  2185 | D:2      | Reached XP level 4. HP: 25/30 MP: 5/10
  3274 | D:2      | Noticed Terence
  3464 | D:1      | Killed Terence
  3464 | D:1      | Gained mutation: You have a pair of small antennae on your head. [demonic ancestry]
  3464 | D:1      | Reached XP level 5. HP: 33/35 MP: 2/11
  3465 | D:1      | Quit the game

Skill      XL: |  1  2  3  4 |
---------------+-------------+-----
Conjurations   | 2 3 |  3.4
Spellcasting   | 4 |  4.4
Dodging        | |  1.7
Stealth        | |  1.7
Summonings     | |  1.0
Translocations | |  0.8

Action                   |  1- 3 |  4- 6 || total
-------------------------+-------+-------++-------
Melee: Club              |    12 |       ||    12
       Short sword       |     7 |    31 ||    38
 Cast: Magic Dart        |   109 |    63 ||   172
       Mephitic Cloud    |       |     4 ||     4
       Blink             |       |     4 ||     4
  Use: Scroll            |     4 |     2 ||     6
       Potion            |       |     2 ||     2
 Stab: Confused          |       |     3 ||     3
  Eat: Chunk             |     4 |     3 ||     7
Armor: Robe              |     6 |     7 ||    13
       Skin              |       |     5 ||     5
Dodge: Dodged            |    27 |    26 ||    53
